 Dungeon Crawl Stone Soup version 0.28.0-43-g3370ac3207 (webtiles) character file.

Game seed: 8931559240939876650

63 Descartes the Sneak (level 3, 0/16 HPs)
             Began as a Felid Warper on Mar 27, 2022.
             Slain by a kobold
             ... wielding a +0 dagger of venom
              (3 damage)
             ... on level 2 of the Dungeon.
             The game lasted 00:01:46 (2353 turns).

Descartes the Sneak (Felid Warper)                  Turns: 2353, Time: 00:01:47

Health: 0/16       AC:  1    Str:  9    XL:     3   Next: 89%
Magic:  7/7        EV: 17    Int: 14    God:
Gold:   66         SH:  0    Dex: 15    Spells: 6/6 levels left
                                        Lives:  0   Deaths: 0

rFire   . . .      SeeInvis +     - Unarmed
rCold   . . .      Faith    .   (shield unavailable)
rNeg    . . .      Spirit   .   (armour unavailable)
rPois   .          Reflect  .   (helmet unavailable)
rElec   .          Harm     .   (cloak unavailable)
rCorr   .          Rampage  .   (gloves unavailable)
Will    .....                   (boots unavailable)
Stlth   +++.......              (no amulet)
HPRegen 0.05/turn               (no ring)
MPRegen 0.10/turn               (no ring)

@: lethally poisoned (0 -> -17), quick
A: very small, claws 1, fangs 3, see invisible, speed 1, shaggy fur 1, stealthy
paws, no weapons or thrown items, no armour, multi-lived
a: no special abilities


You were on level 2 of the Dungeon.
You visited 1 branch of the dungeon, and saw 2 of its levels.

You collected 66 gold pieces.

Inventory:

Jewellery
 e - a ring of wizardry
Scrolls
 a - a scroll of blinking
 f - 2 scrolls of identify {unknown}
 g - a scroll of fog {unknown}
Potions
 b - 2 potions of curing
 c - a potion of cancellation {unknown}
 d - a potion of invisibility {unknown}


   Skills:
 - Level 2.0 Fighting
 + Level 3.3 Dodging
 + Level 5.2 Stealth
 - Level 2.0 Unarmed Combat
 - Level 2.0 Spellcasting
 - Level 4.4 Translocations


You had 6 spell levels left.
You didn't know any spells.
Your spell library contained the following spells:

 Spells                   Type           Power      Damage    Failure   Level
 Blink                    Tloc           26%        N/A       6%          2
 Gell's Gravitas          Tloc           13%        N/A       12%         3
 Lesser Beckoning         Tloc           13%        N/A       12%         3
 Teleport Other           Tloc           13%        N/A       12%         3
 Tukima's Dance           Hex            1%         N/A       56%         3
 Manifold Assault         Tloc           13%        N/A       73%         5
 Anguish                  Hex/Necr       0%         N/A       93%         4
 Enfeeble                 Hex            0%         N/A       100%        7


Dungeon Overview and Level Annotations

Branches:
Dungeon (2/15)

Altars:
Wu Jian


Innate Abilities, Weirdness & Mutations

You have sharp claws.
You have razor-sharp teeth.
You have supernaturally acute eyesight. (SInv)
You cover ground quickly. (Speed+)
You are covered in fur. (AC +1)
Your paws help you pounce on unaware monsters.
You are incapable of wielding weapons or throwing items.
You cannot wear armour.
You gain extra lives every three experience levels.


Message History

No target in view!
No target in view!
No target in view!
Found an ornate altar of the Wu Jian Council.
g - a scroll labelled UMMUAD WAPNAMI You now have 57 gold pieces (gained 7).
You now have 66 gold pieces (gained 9).
You open the door.
Found a short sword.
There is an open door here.
You see here a +0 short sword.
You open the door.
A kobold comes into view. It is wielding a +0 dagger of venom.
There is an open door here.
The kobold shouts!
The kobold completely misses you.
You scratch the kobold but do no damage.
The kobold hits you with a +0 dagger of venom.
You are poisoned.
You barely miss the kobold. Your bite misses the kobold.
You feel sick.
The kobold hits you with a +0 dagger of venom.
You are more poisoned.
You are too injured to fight recklessly!
You are too injured to fight recklessly!
You are too injured to fight recklessly!
You are too injured to fight recklessly!
You are too injured to fight recklessly!
You are too injured to fight recklessly!
You are too injured to fight recklessly!
You are too injured to fight recklessly!
You are too injured to fight recklessly!
You are too injured to fight recklessly!
There is a lethal amount of poison in your body!
You scratch the kobold but do no damage.
You bite the kobold.
The kobold is severely wounded.
* * * LOW HITPOINT WARNING * * *
You feel very sick.
The kobold hits you with a +0 dagger of venom.
You die...

#....^......
#.######....
#.##........
#..........# ######
#..........#
####....###..........#
........'..).#.....#.#
###....####.#........
+.@..+.............
#K...###........#..
#....# #.....####..
#....# #.....# #..
#....# #.....# #..
###### ###'### #..
#..# #.. #########.##
#.. #..........# #.#


You could see a kobold.

Vanquished Creatures
  4 adders (D:2)
  4 ball pythons
  3 giant cockroaches
  A goblin (D:1)
  A hobgoblin (D:2)
  4 kobolds
  7 bats
  2 frilled lizards (D:1)
  5 rats (D:1)
31 creatures vanquished.

Notes
Turn   | Place    | Note
-------+----------+-------------------------------------------
     0 | D:1      | Descartes the Felid Warper began the quest for the Orb.
     0 | D:1      | Reached XP level 1. HP: 9/9 MP: 4/4
    17 | D:1      | Reached skill level 1 in Stealth
   220 | D:1      | Reached skill level 2 in Stealth
   333 | D:1      | Reached XP level 2. HP: 11/13 MP: 6/6
   791 | D:1      | Reached skill level 3 in Stealth
  1212 | D:2      | Reached skill level 4 in Stealth
  1214 | D:2      | Reached XP level 3. HP: 11/16 MP: 7/7
  1470 | D:2      | Reached skill level 5 in Stealth
  2305 | D:2      | Found an ornate altar of the Wu Jian Council.
  2353 | D:2      | Slain by a kobold

Illustrated notes

Levels and vault maps discovered:
D:1:      dpeg_arrival_prison, layout_basic
D:2:      minmay_angry_zag, layout_basic, basic_altar, serial_bayou_crossing

Skill      XL: |  1  2  3 |
---------------+----------+-----
Stealth        | 2 4 5 |  5.2
Fighting       | |  2.0
Dodging        | |  3.3
Unarmed Combat | |  2.0
Spellcasting   | |  2.0
Translocations | |  4.4

Action                   || total
-------------------------++-------
Melee: Unarmed           ||   124
       Bite              ||    11
       Punch             ||     1
  Use: Potion            ||     1
 Stab: Sleeping          ||     5
Armor: Skin              ||     8
Dodge: Dodged            ||   120
